 Dungeon Crawl Stone Soup version 0.25.1-9-gc5326a611f (webtiles) character file.

Game seed: 6303508475444968511

616 sixsigma the Shield-Bearer (level 7, -1/62 HPs)
             Began as a Minotaur Fighter on Dec 25, 2020.
             Engulfed by Ijyb's poison gas (9 damage)
             ... on level 5 of the Dungeon.
             The game lasted 00:04:22 (3333 turns).

sixsigma the Shield-Bearer (Minotaur Fighter)       Turns: 3333, Time: 00:04:22

Health: -1/62      AC: 10    Str: 21    XL:     7   Next: 21%
Magic:  6/6        EV:  4    Int:  5    God:
Gold:   233        SH: 15    Dex: 13    Spells: 6/6 levels left

rFire    . . .     SeeInvis .   h - +3 hand axe (vorpal)
rCold    . . .     Gourm    .   j - +0 tower shield
rNeg     . . .     Faith    .   p - +0 chain mail
rPois    .         Spirit   .   (helmet restricted)
rElec    .         Reflect  .   (no cloak)
rCorr    .         Harm     .   (no gloves)
MR       .....     Rnd*Rage +   (no boots)
Stlth    ..........             k - amulet of the acrobat
HPRegen  0.20/turn              (no ring)
MPRegen  0.10/turn              (no ring)

@: lethally poisoned (-1 -> -91)
A: retaliatory headbutt, claws 1, horns 2, agile 1, berserk 1, MP-powered wands
a: no special abilities


You were on level 5 of the Dungeon.
You were hungry.

You visited 1 branch of the dungeon, and saw 5 of its levels.

You collected 233 gold pieces.

Inventory:

Hand Weapons
 a - a +0 war axe
 h - a +3 vorpal hand axe (weapon)
Armour
 b - a +0 scale mail
 j - a +0 tower shield (worn)
 l - a +0 kite shield
 p - a +0 chain mail (worn)
Jewellery
 k - an amulet of the acrobat (around neck)
Wands
 o - a wand of acid (9)
Scrolls
 c - 5 scrolls of remove curse
 e - 2 scrolls of enchant weapon
 f - 3 scrolls of blinking {unknown}
 i - 3 scrolls of identify
 m - a scroll of noise {unknown}
 q - 2 scrolls of teleportation {unknown}
Potions
 d - 3 potions of might
 g - a potion of berserk rage
 n - a potion of magic {unknown}
 r - a potion of invisibility {unknown}
 s - a potion of brilliance {unknown}
 t - 2 potions of heal wounds {unknown}
Comestibles
 z - 4 rations


   Skills:
 + Level 5.8 Fighting
 + Level 5.2 Axes
 + Level 5.9 Armour
 + Level 5.9 Shields


You had 6 spell levels left.
You didn't know any spells.
Your spell library was empty.

Dungeon Overview and Level Annotations

Branches:
Dungeon (5/15)
 Temple: D:4-7

Altars:
Dithmenos
Nemelex Xobeh
Qazlal

Annotations:
D:5 Ijyb


Innate Abilities, Weirdness & Mutations

You reflexively headbutt those who attack you in melee.
You have a pair of horns on your head.
You have sharp fingernails.
You are agile. (Dex +2)
You tend to lose your temper in combat.
You expend magic power (3 MP) to strengthen your wands.


Message History

You block Ijyb's attack.
You hit Ijyb but do no damage.
Ijyb is almost dead.
You are engulfed in poison gas.
You are more poisoned.
You feel extremely sick.
Ijyb screams, "Level is mine!
All mine!"
You block Ijyb's attack. x2
You hit Ijyb.
Ijyb is almost dead.
You are engulfed in poison gas.
You are more poisoned.
* * * LOW HITPOINT WARNING * * *
x2 You feel very sick.
You block Ijyb's attack.
Your shield and chain mail prevent you from hitting Ijyb.
Ijyb is almost dead.
You are engulfed in poison gas.
You are more poisoned.
You die...

#. #.# ##.#.># #
#.###>####.....#
#
#..............#
#
#......###....##
# ##.#####
##.#.# #§# #.#<#
#§# #.#.# #§#
#.#.# #@# #.#.#
#g# #.# #.# #.#
#.# ..# .!# #.#


You could see Ijyb.

Vanquished Creatures
  A water moccasin (D:4)
  A phantom (D:4)
  An ice beast (D:5)
  2 orc priests
  2 orc wizards (D:4)
  8 adders
  3 gnolls (D:4)
  An ooze (D:3)
  2 worms (D:2)
  4 dart slugs
  3 leopard geckos
  11 orcs
  2 ball pythons (D:1)
  3 giant cockroaches (D:3)
  7 goblins
  8 hobgoblins
  11 jackals
  8 kobolds
  5 bats
  4 frilled lizards
  A leopard gecko skeleton (D:4)
  A quokka skeleton (D:4)
  11 rats
100 creatures vanquished.

Notes
Turn   | Place    | Note
-------+----------+-------------------------------------------
     0 | D:1      | sixsigma the Minotaur Fighter began the quest for the Orb.
     0 | D:1      | Reached XP level 1. HP: 19/19 MP: 0/0
   189 | D:1      | Reached XP level 2. HP: 22/27 MP: 1/1
   660 | D:1      | Reached XP level 3. HP: 32/33 MP: 2/2
  1236 | D:2      | Reached XP level 4. HP: 36/41 MP: 3/3
  1398 | D:2      | Found a sparkling altar of Nemelex Xobeh.
  1685 | D:2      | Reached XP level 5. HP: 47/47 MP: 4/4
  1690 | D:2      | Found a shadowy altar of Dithmenos.
  1800 | D:2      | Found a stormy altar of Qazlal.
  2436 | D:4      | Noticed a water elemental
  2442 | D:4      | Found a stormy altar of Qazlal.
  2455 | D:4      | Reached skill level 5 in Shields
  2468 | D:4      | Noticed a water moccasin
  2469 | D:4      | Reached skill level 5 in Fighting
  2469 | D:4      | Reached skill level 5 in Armour
  2475 | D:4      | Noticed a phantom
  2482 | D:4      | Killed a water moccasin
  2482 | D:4      | Reached XP level 6. HP: 31/56 MP: 5/5
  2483 | D:4      | Gained mutation: You tend to lose your temper in combat.
                  | [potion of mutation]
  2483 | D:4      | Gained mutation: You have sharp fingernails. [potion of
                  | mutation]
  2483 | D:4      | Gained mutation: You are agile. (Dex +2) [potion of
                  | mutation]
  2483 | D:4      | Gained mutation: You expend magic power (3 MP) to
                  | strengthen your wands. [potion of mutation]
  3037 | D:4      | Reached skill level 5 in Axes
  3037 | D:4      | Reached XP level 7. HP: 60/62 MP: 6/6
  3094 | D:4      | Noticed an air elemental
  3112 | D:4      | Noticed a fire elemental
  3249 | D:5      | Entered Level 5 of the Dungeon
  3321 | D:5      | Noticed Ijyb
  3333 | D:5      | Engulfed by Ijyb's poison gas

Illustrated notes

Levels and vault maps discovered:
D:1:      minmay_arrival_wavy_path, layout_basic
D:2:      layout_rooms, lemuel_doored_altar, marbit_many_paths,
          old_standard_altar, minivault_19, minmay_stone_trees_small
D:3:      layout_rooms, first_ration
D:4:      cheibrodos_helix_gallery, layout_rooms,
          nicolae_qazlal_style_of_elements
D:5:      layout_loops_ring, makhleb_blood_cavern_becter, gammafunk_ghost_smash,
          guppyfry_early_orc_mine, uniq_ijyb

Skill      XL: |  1  2  3  4  5  6 |
---------------+-------------------+-----
Shields        | 4 5 |  5.9
Fighting       | 4 5 |  5.8
Armour         | 4 5 |  5.9
Axes           | 3 4 5 |  5.2

Action                   |  1- 3 |  4- 6 |  7- 9 || total
-------------------------+-------+-------+-------++-------
Melee: War axe           |    21 |       |       ||    21
       Headbutt          |     8 |    27 |     6 ||    41
       Hand axe          |    49 |   135 |    17 ||   201
  Use: Scroll            |     3 |     2 |       ||     5
       Potion            |       |     1 |       ||     1
  Eat: Chunk             |     1 |     2 |     1 ||     4
       Ration            |       |     1 |       ||     1
Armor: Scale mail        |    24 |    23 |       ||    47
       Chain mail        |       |    21 |     2 ||    23
Dodge: Dodged            |    25 |    23 |     1 ||    49
Block: Kite shield       |    25 |       |       ||    25
       Tower shield      |    19 |   102 |    14 ||   135
